 Dungeon Crawl Stone Soup version 0.29.1-15-g9cfb28693d (webtiles) character file.

Game seed: 617825148000620003

242 Maxx the Shield-Bearer (level 6, 53/53 HPs)
             Began as a Gnoll Fighter on Feb 2, 2023.
             Was a Plaything of Xom.
             Quit the game on level 1 of the Dungeon on Apr 3, 2023.
             The game lasted 00:14:26 (3672 turns).

Maxx the Shield-Bearer (Gnoll Fighter)              Turns: 3672, Time: 00:14:26

Health: 53/53      AC:  9    Str: 16    XL:     6   Next: 9%
Magic:  8/8        EV:  8    Int:  9    God:    Xom [...*..]
Gold:   1179       SH: 10    Dex: 11    Spells: 8/8 levels left

rFire   . . .      SeeInvis .   a - +0 war axe (chaos)
rCold   + . .      Faith    .   h - +1 kite shield
rNeg    . . .      Spirit   .   b - +2 scale mail
rPois   .          Reflect  .   (no helmet)
rElec   .          Harm     .   (no cloak)
rCorr   .          Rampage  .   (no gloves)
Will    .....                   (no boots)
Stlth   ..........              (no amulet)
HPRegen 0.17/turn               e - ring of protection from cold
MPRegen 0.11/turn               j - ring of wizardry

@: no status effects
A: fangs 1, strong nose, distributed training, talons 1, inability to read after
injury 1, noise suppression
a: Renounce Religion


You were on level 1 of the Dungeon.
You worshipped Xom.
You were a favourite toy of Xom.
You visited 1 branch of the dungeon, and saw 4 of its levels.

You collected 1179 gold pieces.

Inventory:

Hand Weapons
 a - a +0 war axe of chaos (weapon)
Missiles
 g - 3 atropa-tipped darts (quivered)
 q - 2 curare-tipped darts
Armour
 b - a +2 scale mail (worn)
 c - a +1 buckler
 h - a +1 kite shield (worn)
Jewellery
 e - a ring of protection from cold (left hand)
 j - a ring of wizardry (right hand)
 n - a ring of resist corrosion
 v - a ring of ice
Scrolls
 k - 4 scrolls of teleportation
Potions
 d - 2 potions of brilliance {unknown}
 f - 4 potions of berserk rage {unknown}
 i - 5 potions of curing
 l - 2 potions of cancellation {unknown}
 m - 2 potions of might
 o - a potion of haste {unknown}
 p - 2 potions of heal wounds {unknown}
 r - 2 potions of magic {unknown}
 s - 2 potions of flight {unknown}
 t - a potion of attraction {unknown}
 w - a potion of lignification {unknown}


   Skills:
 + Level 6.8 Fighting
 + Level 1.8 Short Blades
 + Level 1.8 Long Blades
 + Level 4.9 Axes
 + Level 1.8 Maces & Flails
 + Level 1.8 Polearms
 + Level 1.8 Staves
 + Level 1.8 Ranged Weapons
 + Level 1.8 Throwing
 + Level 6.8 Armour
 + Level 1.8 Dodging
 + Level 1.8 Stealth
 + Level 6.8 Shields
 + Level 1.8 Unarmed Combat
 + Level 1.8 Spellcasting
 + Level 1.4 Conjurations
 + Level 1.4 Hexes
 + Level 1.4 Summonings
 + Level 1.4 Necromancy
 + Level 1.4 Translocations
 + Level 1.4 Transmutations
 + Level 1.4 Fire Magic
 + Level 1.4 Ice Magic
 + Level 1.4 Air Magic
 + Level 1.4 Earth Magic
 + Level 1.4 Poison Magic
 + Level 2.0 Invocations
 + Level 1.8 Evocations


You had 8 spell levels left.
You didn't know any spells.
Your spell library contained the following spells:

 Spells                   Type           Power      Damage    Failure   Level
 Slow                     Hex            12%        N/A       50%         1
 Confusing Touch          Hex            3%         N/A       86%         3
 Vampiric Draining        Necr           3%         2d6       86%         3


Dungeon Overview and Level Annotations

Branches:
Dungeon (4/15)
 Temple: D:4-7

Altars:
Dithmenos
Elyvilon
Xom
Yredelemnul


Innate Abilities, Weirdness & Mutations

You have very sharp teeth.
Your uncanny sense of smell can sniff out nearby items.
Your experience applies equally to all skills.
You have sharp toenails.
You occasionally lose the ability to read scrolls when taking damage.
You passively dampen the noise of your surroundings.


Message History

The goblin is severely wounded.
You block the goblin's attack.
You hit the goblin.
You kill the goblin!
Things that are here:
a +0 dagger; a goblin corpse
Found a faded altar of an unknown god.
Found a potion of curing.
i - 5 potions of curing (gained 1)
Found a glowing puce potion.
r - 2 glowing puce potions (gained 1)
Found a long jewelled staff.
A kobold comes into view. It is wielding a +0 club.
The kobold shouts!
The kobold throws a stone.
The stone hits you but does no damage.
You hit the kobold. You freeze the kobold.
You kill the kobold!
Things that are here:
a +0 club; 3 stones; a kobold corpse A goblin comes into view.
It is wielding a +0 dagger.
Found a fizzy orange potion.
The goblin shouts!
You slash the goblin!
You kill the goblin!
p - 2 fizzy orange potions (gained 1)
Okay, then.
Found 5 stones.
Xom alters the dungeon around you.
There is a shimmering altar of Xom here.
There is a shimmering altar of Xom here.
There is a shimmering altar of Xom here.
There is a shimmering altar of Xom here.
There is a shimmering altar of Xom here.
You see here 5 stones.
You see here a staff of fire.
Save game and exit?
Welcome back, Maxx the Gnoll Fighter.
Xom snickers.
Press ? for a list of commands and other information.
Are you sure you want to abandon this character and quit the game? (Confirm with "yes".)

........##...#### ## ## #......
##......##.#.#<.# #..##.##.#.#..
#.........#.##.## #....#...#....
#.####......###.#######.####....
#.# #.###### #...#.#....##.....
#.. ...# ##......####|..)..
######## ###.##..### #.#..#..
##..###..#####.#..##.
#...@...###.......... #..#....##
#.......##. ##########
#.......##. #_# #.......##. ##.#
#.......### #..# #.......# #.##
#.......# ###.############
#.__..#


There were no monsters in sight!

Vanquished Creatures
  A necrophage (D:2)
  A scorpion (D:4)
  Crazy Yiuf (D:2)
  4 adders
  2 dart slugs
  4 orcs
  3 bats
  3 endoplasms
  4 giant cockroaches
  6 goblins
  2 hobgoblins
  5 quokkas
  5 ball pythons
  6 kobolds
  A rat (D:3)
48 creatures vanquished.

Vanquished Creatures (others)
  3 fungi (D:2)
3 creatures vanquished.

Grand Total: 51 creatures vanquished

Notes
Turn   | Place    | Note
-------+----------+-------------------------------------------
     0 | D:1      | Maxx the Gnoll Fighter began the quest for the Orb.
     0 | D:1      | Reached XP level 1. HP: 23/23 MP: 1/1
   289 | D:1      | Reached XP level 2. HP: 29/29 MP: 2/2
   317 | D:2      | Noticed a necrophage
   327 | D:2      | Killed a necrophage
   328 | D:2      | Reached skill level 1 in Short Blades
   328 | D:2      | Reached skill level 1 in Long Blades
   328 | D:2      | Reached skill level 1 in Maces & Flails
   328 | D:2      | Reached skill level 1 in Polearms
   328 | D:2      | Reached skill level 1 in Staves
   328 | D:2      | Reached skill level 1 in Ranged Weapons
   328 | D:2      | Reached skill level 1 in Throwing
   328 | D:2      | Reached skill level 1 in Dodging
   328 | D:2      | Reached skill level 1 in Stealth
   328 | D:2      | Reached skill level 1 in Unarmed Combat
   328 | D:2      | Reached skill level 1 in Spellcasting
   328 | D:2      | Reached skill level 1 in Invocations
   328 | D:2      | Reached skill level 1 in Evocations
   328 | D:2      | Reached XP level 3. HP: 35/35 MP: 2/4
   328 | D:2      | Reached XP level 4. HP: 41/41 MP: 2/5
   386 | D:2      | Reached skill level 1 in Conjurations
   386 | D:2      | Reached skill level 1 in Hexes
   386 | D:2      | Reached skill level 1 in Summonings
   386 | D:2      | Reached skill level 1 in Necromancy
   386 | D:2      | Reached skill level 1 in Translocations
   386 | D:2      | Reached skill level 1 in Transmutations
   386 | D:2      | Reached skill level 1 in Fire Magic
   386 | D:2      | Reached skill level 1 in Ice Magic
   386 | D:2      | Reached skill level 1 in Air Magic
   386 | D:2      | Reached skill level 1 in Earth Magic
   386 | D:2      | Reached skill level 1 in Poison Magic
   602 | D:3      | Gained mutation: You occasionally lose the ability to read
                  | scrolls when taking damage. [potion of mutation]
   602 | D:3      | Gained mutation: You passively dampen the noise of your
                  | surroundings. [potion of mutation]
   602 | D:3      | Gained mutation: You have sharp toenails. [potion of
                  | mutation]
   640 | D:3      | Found a white marble altar of Elyvilon.
  1142 | D:4      | Found a shadowy altar of Dithmenos.
  1155 | D:4      | Found a shimmering altar of Xom.
  1522 | D:4      | Reached XP level 5. HP: 47/47 MP: 7/7
  1981 | D:4      | Became a worshipper of Xom of Chaos
  2415 | D:2      | Found a runed translucent door.
  2416 | D:2      | Noticed Crazy Yiuf
  2422 | D:2      | Killed Crazy Yiuf
  2423 | D:2      | Reached XP level 6. HP: 27/53 MP: 8/8
  2450 | D:2      | XOM: silly message
  2562 | D:2      | XOM: cloud trail
  2645 | D:2      | Found a basalt altar of Yredelemnul.
  2808 | D:2      | Identified a scroll of acquirement
  2808 | D:2      | Acquired 1006 gold pieces
  2883 | D:2      | XOM: noise
  3383 | D:1      | Found a faded altar of an unknown god.
  3597 | D:1      | XOM: scenery: create altars
  3672 | D:1      | Upgraded the game from 0.29.1-13-g9f3cf754e1 to
                  | 0.29.1-15-g9cfb28693d
  3672 | D:1      | Quit the game

Illustrated notes

Levels and vault maps discovered:
D:1:      lemuel_arrival_tunnels, layout_loops_cross, basic_ecumenical_altar,
          minmay_distorted
D:2:      layout_basic, basic_altar, uniq_crazy_yiuf_cottage
D:3:      layout_basic, old_standard_altar, serial_forest,
          infiniplex_forest_straight_2, infiniplex_forest_lined_2,
          infiniplex_forest_lined_3, infiniplex_forest_clump_double,
          infiniplex_forest_clump_C, infiniplex_forest_zigzag_1,
          infiniplex_forest_lined_corner, infiniplex_forest_clump_tiny,
          infiniplex_forest_straight_2
D:4:      layout_loops_ring, mainiacjoe_overflow_catwalk_spiral

Skill      XL: |  1  2  3  4  5 |
---------------+----------------+-----
Short Blades   | 1 |  1.8
Long Blades    | 1 |  1.8
Maces & Flails | 1 |  1.8
Polearms       | 1 |  1.8
Staves         | 1 |  1.8
Ranged Weapons | 1 |  1.8
Throwing       | 1 |  1.8
Dodging        | 1 |  1.8
Stealth        | 1 |  1.8
Unarmed Combat | 1 |  1.8
Spellcasting   | 1 |  1.8
Invocations    | 1 2 |  2.0
Evocations     | 1 |  1.8
Conjurations   | 1 |  1.4
Hexes          | 1 |  1.4
Summonings     | 1 |  1.4
Necromancy     | 1 |  1.4
Translocations | 1 |  1.4
Transmutations | 1 |  1.4
Fire Magic     | 1 |  1.4
Ice Magic      | 1 |  1.4
Air Magic      | 1 |  1.4
Earth Magic    | 1 |  1.4
Poison Magic   | 1 |  1.4
Fighting       | |  6.8
Axes           | |  4.9
Armour         | |  6.8
Shields        | |  6.8

Action                   |  1- 3 |  4- 6 || total
-------------------------+-------+-------++-------
Melee: War axe           |    13 |   135 ||   148
       Bite              |     1 |    16 ||    17
       Kick              |       |    27 ||    27
Throw: Dart              |       |     2 ||     2
  Use: Scroll            |     6 |     8 ||    14
       Potion            |     1 |     2 ||     3
Armor: Scale mail        |    12 |    58 ||    70
Dodge: Dodged            |     7 |    54 ||    61
Block: Buckler           |     6 |       ||     6
       Kite shield       |     4 |    93 ||    97
